 Dungeon Crawl Stone Soup version 0.31-a0-1074-g0b22e4e0f1 (webtiles) character file.

Game seed: 11782261776685943175

88 wildpjah the Trooper (level 4, -1/41 HPs)
             Began as a Minotaur Fighter on Dec 7, 2023.
             Slain by an ice beast (6 damage)
             ... on level 3 of the Dungeon.
             The game lasted 00:02:57 (1471 turns).

wildpjah the Trooper (Minotaur Fighter)             Turns: 1471, Time: 00:02:58

Health: -1/41      AC:  7    Str: 22    XL:     4   Next: 30%
Magic:  3/3        EV:  9    Int:  5    God:
Gold:   79         SH:  4    Dex: 10    Spells: 3/3 levels left

rFire   . . .        a - +0 war axe
rCold   . . .        c - +0 buckler
rNeg    . . .        b - +0 scale mail
rPois   .            (helmet restricted)
rElec   .            (no cloak)
rCorr   .            (no gloves)
SInv    .            (no boots)
Will    +....        (no amulet) Stlth
                     h - ring of willpower
HPRegen 0.26/turn    (no ring)
MPRegen 0.08/turn

%: no passive effects
@: mighty
A: horns 2, retaliatory headbutt
a: no special abilities


You were on level 3 of the Dungeon.
You visited 1 branch of the dungeon, and saw 3 of its levels.

You collected 79 gold pieces.

Inventory:

Hand Weapons
 a - a +0 war axe (weapon)
Missiles
 n - 3 boomerangs (quivered)
Armour
 b - a +0 scale mail (worn)
 c - a +0 buckler (worn)
Jewellery
 h - a ring of willpower (left hand)
 m - a ring of willpower
Wands
 o - a wand of flame (18)
Scrolls
 e - a scroll of enchant armour {unknown}
 g - a scroll of fog {unknown}
 i - a scroll of teleportation {unknown}
 j - 3 scrolls of identify {unknown}
 k - a scroll of poison {unknown}
 p - a scroll of butterflies {unknown}
 q - a scroll of noise {unknown}
Potions
 f - 2 potions of curing {unknown}
 l - a potion of lignification {unknown}
 r - a potion of mutation {unknown}


   Skills:
 + Level 4.8 Fighting
 + Level 3.5 Axes
 + Level 4.2 Armour
 + Level 0.3 Dodging
 + Level 0.1 Stealth
 + Level 4.0 Shields


You had 3 spell levels left.
You didn't know any spells.
Your spell library was empty.

Dungeon Overview and Level Annotations

Branches:
Dungeon (3/15)

Altars:
Elyvilon


Innate Abilities, Weirdness & Mutations

You have a pair of horns on your head.
You reflexively headbutt those who attack you in melee.


Message History

The boomerang closely misses the ice beast.
Throw: 3 boomerangs
Press: ? - help, Q - select action, (/) - cycle Shift-Dir - straight line, f/p - ice beast
Aim: an ice beast (54% to hit)
You throw a boomerang. The boomerang hits the ice beast.
The ice beast is lightly wounded.
Throw: 3 boomerangs
Press: ? - help, Q - select action, (/) - cycle Shift-Dir - straight line, f/p - ice beast
Aim: an ice beast (lightly wounded, 54% to hit)
You throw a boomerang.
The boomerang barely misses the ice beast.
You barely miss the ice beast.
The ice beast is lightly wounded.
The ice beast hits you. The ice beast freezes you!
The ice beast hits you but does no damage.
You closely miss the ice beast.
The ice beast is lightly wounded.
The ice beast hits you. The ice beast freezes you!
You hit the ice beast.
The ice beast is lightly wounded.
The ice beast hits you but does no damage.
You hit the ice beast. Your headbutt misses the ice beast.
The ice beast is lightly wounded.
The ice beast hits you. The ice beast freezes you!
* * * LOW HITPOINT WARNING * * *
The ice beast barely misses you.
You slash the ice beast!
The ice beast is heavily wounded.
You block the ice beast's attack.
You hit the ice beast.
The ice beast is heavily wounded.
The ice beast closely misses you.
You feel very mighty all of a sudden. The ice beast closely misses you.
You closely miss the ice beast.
The ice beast is heavily wounded.
The ice beast hits you.
* * * LOW HITPOINT WARNING * * *
The ice beast freezes you.
You die...

#..##.....#
#..####'##'#
#..###..#
##..#....#
...#.##.# #.##.##.#
#.##†##.#
########.....#.##
......Y@........'..
.#########...#.##..
##....# ##.### .#
.# .#


You could see an ice beast.

Vanquished Creatures
  An orc priest (D:2)
  2 adders (D:2)
  2 orcs (D:2)
  2 ball pythons (D:1)
  5 endoplasms (D:1)
  A giant cockroach (D:1)
  2 goblins (D:1)
  4 hobgoblins
  3 kobolds
  2 quokkas (D:1)
  7 bats
  A frilled lizard (D:1)
  5 rats
37 creatures vanquished.

Notes
Turn   | Place    | Note
-------+----------+-------------------------------------------
     0 | D:1      | wildpjah the Minotaur Fighter began the quest for the Orb.
     0 | D:1      | Reached XP level 1. HP: 19/19 MP: 0/0
   263 | D:1      | Reached XP level 2. HP: 27/27 MP: 1/1
   491 | D:1      | Reached XP level 3. HP: 34/34 MP: 2/2
  1029 | D:2      | Reached XP level 4. HP: 21/41 MP: 3/3
  1396 | D:3      | Found a white marble altar of Elyvilon.
  1459 | D:3      | Noticed an ice beast
  1471 | D:3      | Slain by an ice beast

Illustrated notes

Levels and vault maps discovered:
D:1:      ncdulo_halloftheorcs, layout_loops_cross
D:2:      cheibrodos_pilgrimage, layout_basic
D:3:      layout_loops_corners, mainiacjoe_overflow_24_doors,
          gammafunk_ghost_smash, ebering_dispersal_statue_hall, minmay_vboxes

Skill      XL: |  1  2  3 |
---------------+----------+-----
Fighting       | 4 |  4.8
Armour         | 4 |  4.2
Shields        | 4 |  4.0
Axes           | 3 |  3.5
Dodging        | |  0.3
Stealth        | |  0.1

Action                     |  1- 3 |  4- 6 || total
---------------------------+-------+-------++-------
  Melee: War axe           |    57 |    15 ||    72
         Headbutt          |     9 |       ||     9
  Throw: Boomerang         |       |     4 ||     4
    Use: Potion            |       |     1 ||     1
 Armour: Scale mail        |    29 |    13 ||    42
  Dodge: Dodged            |    32 |     7 ||    39
  Block: Buckler           |    16 |     1 ||    17

Table legend: (Time is in decaauts)
 A = Elapsed time spent in this place.
 B = Non-inter-level travel time spent in this place.
 C = Inter-level travel time spent in this place.
 D = Time resting spent in this place.
 E = Time spent auto-exploring this place.
 F = Levels seen in this place.
 G = Mean time per level.
                   A        B        C        D        E       F      G
               +--------+--------+--------+--------+--------+-----+--------+
         Total |   1498 |   1410 |     88 |      0 |   1158 |   3 |  499.3 |
       Dungeon |   1498 |   1410 |     88 |      0 |   1158 |   3 |  499.3 |
               +--------+--------+--------+--------+--------+-----+--------+

Top non-repeatable levels by time:
     D:1: 722 daAuts
     D:2: 658 daAuts
     D:3: 118 daAuts
